 Dungeon Crawl Stone Soup version 0.27-a0-417-g317cea8a3c (webtiles) character file.

Game seed: 16676746455988739193

648 omnomnOMINOUS the Gusty (level 7, 0/40 HPs)
             Began as a Tengu Air Elementalist on Feb 25, 2021.
             Succumbed to a worker ant's poison
             ... on level 5 of the Dungeon.
             The game lasted 00:15:58 (6073 turns).

omnomnOMINOUS the Gusty (Tengu Air Elementalist)    Turns: 6073, Time: 00:15:59

Health: 0/40       AC:  2    Str:  8    XL:     7   Next: 53%
Magic:  5/11       EV: 14    Int: 17    God:
Gold:   308        SH:  5    Dex: 15    Spells: 9/10 levels left

rFire    . . .     SeeInvis .   a - +0 rapier
rCold    . . .     Faith    .   (no shield)
rNeg     . . .     Spirit   .   k - +0 robe
rPois    .         Reflect  +   (helmet restricted)
rElec    .         Harm     .   (no cloak)
rCorr    .         Rampage  .   (no gloves)
Will     .....                  (boots unavailable)
Stlth    ++........             g - amulet of reflection
HPRegen  0.13/turn              (no ring)
MPRegen  0.12/turn              (no ring)

@: lethally poisoned (0 -> -6), hasted, very quick
A: beak, talons 3, able to fly
a: Fly


You were on level 5 of the Dungeon.
You visited 1 branch of the dungeon, and saw 5 of its levels.

You collected 308 gold pieces.

Inventory:

Hand Weapons
 a - a +0 rapier (weapon)
 d - a +0 dagger of speed
Missiles
 e - 2 throwing nets
Armour
 k - a +0 robe (worn)
Jewellery
 g - an amulet of reflection (around neck)
 u - an amulet of guardian spirit
Scrolls
 b - 2 scrolls of blinking
 j - a scroll of immolation
 m - 3 scrolls of teleportation
 n - a scroll of fear
 p - a scroll of random uselessness {unknown}
 q - a scroll of fog {unknown}
 r - a scroll of enchant armour {unknown}
 w - a scroll of torment {unknown}
Potions
 c - a potion of magic
 f - 2 potions of cancellation
 h - a potion of flight
 l - 2 potions of degeneration
 o - a potion of haste
 x - a potion of attraction {unknown}


   Skills:
 + Level 2.8 Fighting
 + Level 4.0 Dodging
 - Level 2.0 Stealth
 - Level 2.0 Spellcasting
 * Level 6.0 Conjurations
 * Level 7.3 Air Magic


You had 9 spell levels left.
You knew the following spells:

 Your Spells              Type           Power        Failure   Level
a - Shock                 Conj/Air       96%          1%          1

Your spell library contained the following spells:

 Spells                   Type           Power        Failure   Level
 Swiftness                Air            26%          1%          2
 Static Discharge         Conj/Air       24%          3%          3
 Airstrike                Air            13%          10%         4
 Lightning Bolt           Conj/Air       12%          34%         5


Dungeon Overview and Level Annotations

Branches:
Dungeon (5/15)
 Temple: D:4-7

Altars:
Beogh

Annotations:
D:5 3 runed translucent doors, Lobster4's ghost, amateur DECj


Innate Abilities, Weirdness & Mutations

You have a beak for a mouth.
You have claws for feet.
You can fly continuously.


Message History

Aiming: Shock (safe; 1% risk of failure)
Press: ? - help, Q - select action, (/) - cycle Shift-Dir - straight line That beam is likely to hit you.
Continue anyway?
The zap misses the adder.
The zap hits the adder.
The adder is almost dead.
The zap hits you! The adder closely misses you. The worker ant bites you.
The adder barely misses you.
Unknown command.
Aiming: Shock (safe; 1% risk of failure)
Press: ? - help, Q - select action, (/) - cycle Shift-Dir - straight line That beam is likely to hit you.
Continue anyway?
The zap misses the adder.
The zap hits the adder!
You kill the adder!
The zap misses you. The worker ant bites you.
Unknown command.
Aiming: Shock (safe; 1% risk of failure)
Press: ? - help, Q - select action, (/) - cycle Shift-Dir - straight line That beam is likely to hit you.
Continue anyway?
The zap hits the worker ant.
The worker ant is lightly wounded.
The zap misses the worker ant.
The zap misses you. The worker ant bites you. x2
Unknown command.
Aiming: Shock (safe; 1% risk of failure)
Press: ? - help, Q - select action, (/) - cycle Shift-Dir - straight line That beam is likely to hit you.
Continue anyway?
The zap hits the worker ant.
The worker ant is moderately wounded.
The zap misses the worker ant.
The zap hits you. The worker ant bites you.
* * * LOW HITPOINT WARNING * * *
Unknown command.
You feel yourself speed up. The worker ant bites you!
* * * LOW HITPOINT WARNING * * *
You are lethally poisoned!
The worker ant poisons you!
Unknown command.
You die...

#..######.......##.##.
#..# #.......##....
##..######.......##.##.
#<.....>.......#.##.##.
#....#.###.##.##.......
###################.###
................# #.#
###....#...##..# #.#
#..@.#...###.# #.#
#†..[##..###.###.#
#!....B..###......#...#
#....#...# ##.....#####
#... #...# ###...# #..
#..## ####.# #. #..#
####....# .
..####.......###
.###...........#


You could see a worker ant.

Vanquished Creatures
  Blork the orc (D:5)
  A scorpion (D:5)
  3 hounds
  3 orc priests
  An iguana (D:5)
  3 orc wizards
  3 worker ants
  A gnoll (D:5)
  9 adders
  A white imp (D:5)
  An ufetubus (D:5)
  An ooze (D:1)
  An adder skeleton (D:5)
  A worm (D:4)
  6 leopard geckos
  4 orcs
  3 giant cockroaches
  10 goblins
  5 hobgoblins
  7 kobolds
  3 quokkas
  3 bats
  6 rats
77 creatures vanquished.

Notes
Turn   | Place    | Note
-------+----------+-------------------------------------------
     0 | D:1      | omnomnOMINOUS the Tengu Air Elementalist began the quest
                  | for the Orb.
     0 | D:1      | Reached XP level 1. HP: 10/10 MP: 4/4
   157 | D:1      | Reached XP level 2. HP: 16/16 MP: 1/6
  1361 | D:2      | Reached XP level 3. HP: 15/20 MP: 3/7
  1794 | D:2      | Reached skill level 1 in Fighting
  2061 | D:2      | Reached skill level 5 in Air Magic
  2111 | D:2      | Reached XP level 4. HP: 11/25 MP: 3/8
  2796 | D:3      | Gained mutation: You can fly continuously. [Tengu growth]
  2796 | D:3      | Reached XP level 5. HP: 27/29 MP: 0/9
  4033 | D:4      | Reached skill level 6 in Air Magic
  4033 | D:4      | Reached XP level 6. HP: 31/35 MP: 4/10
  4660 | D:4      | Reached skill level 5 in Conjurations
  4820 | D:5      | Entered Level 5 of the Dungeon
  5325 | D:5      | Reached XP level 7. HP: 32/40 MP: 1/11
  5361 | D:5      | Found a runed translucent gate.
  5362 | D:5      | Found a runed translucent gate.
  5362 | D:5      | Found a runed translucent gate.
  5363 | D:5      | Noticed Lobster4's ghost (amateur DECj)
  5368 | D:5      | Found a roughly hewn altar of Beogh.
  5666 | D:5      | Reached skill level 7 in Air Magic
  5760 | D:5      | Noticed Blork the orc
  5774 | D:5      | Killed Blork the orc
  6072 | D:5      | HP: 1/40 [worker ant (8)]
  6073 | D:5      | Succumbed to a worker ant's poison

Illustrated notes

Levels and vault maps discovered:
D:1:      dpeg_arrival_triangle_fractal, layout_basic,
          chequers_serial_rivers_room_b, minmay_misc_feat_tiny
D:2:      layout_basic
D:3:      layout_basic
D:4:      layout_loops_cross
D:5:      minmay_recursive_quarters, layout_loops_cross,
          biasface_ghost_orc_armoury, gup_sewer_entry_glass, uniq_blork_the_orc

Skill      XL: |  1  2  3  4  5  6  7 |
---------------+----------------------+-----
Conjurations   | 2 3 4 5 6 |  6.0
Fighting       | 1 2 |  2.8
Air Magic      | 5 6 7 |  7.3
Dodging        | 3 4 |  4.0
Stealth        | |  2.0
Spellcasting   | |  2.0

Action                   |  1- 3 |  4- 6 |  7- 9 || total
-------------------------+-------+-------+-------++-------
Melee: Unarmed           |     4 |       |       ||     4
       Short sword       |     5 |    12 |       ||    17
       Kick              |       |     3 |     1 ||     4
       Peck              |       |     2 |       ||     2
       Rapier            |       |       |     5 ||     5
 Cast: Shock             |    64 |    95 |    37 ||   196
  Use: Potion            |     1 |       |     6 ||     7
       Scroll            |       |    13 |       ||    13
 Stab: Invisible         |       |       |     1 ||     1
Armor: Skin              |     8 |       |     5 ||    13
       Robe              |     2 |     4 |     2 ||     8
Dodge: Dodged            |    14 |    20 |    17 ||    51
Block: Other             |     8 |     8 |     2 ||    18
       Reflection        |       |     1 |     1 ||     2

Table legend: (Time is in decaauts)
 A = Elapsed time spent in this place.
 B = Non-inter-level travel time spent in this place.
 C = Inter-level travel time spent in this place.
 D = Time resting spent in this place.
 E = Time spent auto-exploring this place.
 F = Levels seen in this place.
 G = Mean time per level.
                   A        B        C        D        E       F      G
               +--------+--------+--------+--------+--------+-----+--------+
         Total |   6082 |   5851 |    231 |   1237 |   3890 |   5 | 1216.4 |
       Dungeon |   6082 |   5851 |    231 |   1237 |   3890 |   5 | 1216.4 |
               +--------+--------+--------+--------+--------+-----+--------+

Top non-repeatable levels by time:
     D:2: 1406 daAuts
     D:4: 1282 daAuts
     D:1: 1233 daAuts
     D:5: 1180 daAuts
     D:3: 980 daAuts
